 Dungeon Crawl Stone Soup version 0.29.1-2-gbd0b4ee654 (webtiles) character file.

Game seed: 12501069337997519568

549 qeuew the Covered (level 7, -1/60 HPs)
             Began as a Meteoran Fighter on Nov 8, 2022.
             Was an Initiate of Gozag.
             Slain by Eustachio
             ... wielding a +0 rapier
              (5 damage)
             ... on level 4 of the Dungeon.
             The game lasted 00:06:35 (1623 turns).

qeuew the Covered (Meteoran Fighter)                Turns: 1623, Time: 00:06:36

Health: -1/60      AC:  7    Str: 20    XL:     7   Next: 84%
Magic:  8/8        EV: 12    Int: 10    God:    Gozag
Gold:   265        SH:  5    Dex: 13    Spells: 6/6 levels left

rFire   . . .      SeeInvis +   a - +0 war axe
rCold   . . .      Faith    .   c - +0 buckler
rNeg    + . .      Spirit   .   d - +4 Cigotuvi's embrace {rMiasma Drain rN+}
rPois   .          Reflect  .   (no helmet)
rElec   .          Harm     .   (no cloak)
rCorr   .          Rampage  .   (no gloves)
Will    .....                   (no boots)
Stlth   +.........              (no amulet)
HPRegen 0.20/turn               e - ring of see invisible
MPRegen 0.11/turn               (no ring)

@: hasted, glowing, studying Staves, very quick
A: sense surroundings 1, otherworldly, glowing, explore regen
a: Renounce Religion, Potion Petition, Call Merchant, Bribe Branch


You were on level 4 of the Dungeon.
You worshipped Gozag.
Gozag was aware of your devotion.
You visited 1 branch of the dungeon, and saw 4 of its levels.

You collected 963 gold pieces.
You paid 698 gold pieces to Gozag.

Inventory:

Hand Weapons
 a - a +0 war axe (weapon)
Missiles
 b - 2 throwing nets (quivered)
Armour
 c - a +0 buckler (worn)
 d - the +4 Cigotuvi's embrace (worn) {rMiasma Drain rN+}
   (You found it on level 4 of the Dungeon)

   It gathers nearby corpses to temporarily increase the armour it provides.
   It protects you from foul pestilence.
   rN:        It protects you from negative energy.
   Drain:     It drains your maximum health when unequipped.
Jewellery
 e - a ring of see invisible (left hand)
Scrolls
 g - a scroll of enchant weapon
 h - a scroll of identify
 i - a scroll of magic mapping
 l - a scroll of vulnerability
Potions
 f - 3 potions of haste
 k - a potion of curing


   Skills:
 + Level 4.9 Fighting
 + Level 4.6 Axes
 + Level 5.4 Armour
 + Level 3.7 Dodging
 + Level 5.4 Shields


You had 6 spell levels left.
You didn't know any spells.
Your spell library contained the following spells:

 Spells                   Type           Power      Damage    Failure   Level
 Magic Dart               Conj           0%         1d3       50%         1
 Call Imp                 Summ           0%         N/A       65%         2
 Sublimation of Blood     Necr           0%         N/A       65%         2
 Wereblood                Tmut           0%         N/A       65%         2
 Mephitic Cloud           Conj/Pois/Air  0%         N/A       86%         3
 Summon Hydra             Summ           0%         N/A       100%        7


Dungeon Overview and Level Annotations

Branches:
Dungeon (4/15) Zot: 697    Temple (0/1) D:4

Altars:
Cheibriados
Gozag

Shops:
D:2 *   D:3 *:

Annotations:
D:4 Eustachio


Innate Abilities, Weirdness & Mutations

You passively map a small area around you.
You are easily found by Zot.
You glow in the dark.
You regain HP and MP as you explore.


Message History

You hit the iron imp. The river rat misses you.
Unknown command.
You hit the river rat.
You kill the river rat!
The river rat's corpse disappears in a puff of smoke!
You barely miss the iron imp. The iron imp hits you.
* * * LOW HITPOINT WARNING * * *
Unknown command.
Eustachio casts a spell.
Eustachio blinks!
There is a fountain of clear blue water here.
You hit Eustachio.
Eustachio is moderately wounded.
Eustachio casts a spell.
Eustachio blinks!
Eustachio hits you with a +0 rapier.
* * * LOW HITPOINT WARNING * * *
You closely miss Eustachio.
Eustachio is moderately wounded.
Eustachio hits you with a +0 rapier.
* * * LOW HITPOINT WARNING * * *
You barely miss Eustachio.
Eustachio is moderately wounded.
You barely miss Eustachio.
Eustachio is moderately wounded.
Eustachio hits you but does no damage.
You slash Eustachio!
Eustachio is severely wounded.
Eustachio barely misses you.
You barely miss Eustachio.
Eustachio is severely wounded.
You hit the iron imp but do no damage.
The iron imp disappears in a puff of smoke!
Eustachio misses you.
You hit Eustachio but do no damage.
Eustachio is severely wounded.
Eustachio yells, "Perjured traitor, DIE!"
Eustachio hits you with a +0 rapier.
You die...
Your body crumbles into a pile of gold.

.#.# , #...........#
##...#...## ## # ,
##......)...# #..........
#..........####....(....)
###.............#.......#
, ,
,###......#............. ,
,###...............# * ,
+......##.....).# ,, ,
,###.@.......#...).#.# #
,###...@.###..###..)...#
##
,###.....§.......##......[
.# ,
#................##..#..#
.#
#....##..##########..#..#
.#**, ..###...## * ......#
... *, . #.⌠.# #####
........ ....
_*...###...###?....
........ ....
#........?....# ######. .
. .., ###..⌠..>..⌠.<#


You could see Eustachio.

Vanquished Creatures
  Grinder (D:3)
  A centaur (D:4)
  Jessica (D:2)
  Natasha (thrice) (D:4)
  5 adders
  3 gnolls (D:4)
  A white imp (D:3)
  3 worms
  7 orcs (D:3)
  15 endoplasms
  4 giant cockroaches
  9 hobgoblins
  6 jackals (D:2)
  6 kobolds
  2 quokkas
  4 ball pythons
  2 bats
  A frilled lizard (D:3)
  8 goblins
  3 rats
85 creatures vanquished.

Notes
Turn   | Place    | Note
-------+----------+-------------------------------------------
     0 | D:1      | qeuew the Meteoran Fighter began the quest for the Orb.
     0 | D:1      | Reached XP level 1. HP: 19/19 MP: 2/2
    37 | D:1      | Found a faded altar of an unknown god.
    87 | D:1      | Reached XP level 2. HP: 26/26 MP: 3/3
   148 | D:1      | Reached skill level 1 in Dodging
   148 | D:1      | Reached XP level 3. HP: 26/31 MP: 4/4
   307 | D:2      | Reached XP level 4. HP: 26/40 MP: 5/5
   339 | D:2      | Noticed Jessica
   342 | D:2      | Killed Jessica
   480 | D:2      | Reached XP level 5. HP: 42/46 MP: 6/6
   740 | D:2      | Found a snail-covered altar of Cheibriados.
   749 | D:2      | Found Oxzuof's Assorted Antiques.
   946 | D:3      | Noticed Grinder
   946 | D:3      | Found an opulent altar of Gozag.
   962 | D:3      | Paralysed by Grinder for 2 turns
   970 | D:3      | Killed Grinder
   971 | D:3      | Reached XP level 6. HP: 28/53 MP: 7/7
   971 | D:3      | Identified a scroll of acquirement
   986 | D:3      | Reached XP level 7. HP: 38/60 MP: 8/8
   992 | D:3      | Reached skill level 5 in Armour
   997 | D:3      | Found Noxtauj's Book Shoppe.
  1084 | D:3      | Reached skill level 5 in Shields
  1385 | D:3      | Found Gozag's Platinum Reserve.
  1392 | D:3      | Became a worshipper of Gozag Ym Sagoz the Greedy
  1430 | D:4      | Noticed Natasha
  1443 | D:4      | Killed Natasha
  1471 | D:4      | Found the +4 Cigotuvi's embrace {rMiasma Drain rN+}
  1494 | D:4      | Noticed Natasha
  1506 | D:4      | Killed Natasha
  1543 | D:4      | Noticed Natasha
  1554 | D:4      | Killed Natasha
  1574 | D:4      | Found a staircase to the Ecumenical Temple.
  1578 | D:4      | Noticed Eustachio
  1592 | D:4      | HP: 2/60 [Eustachio/+0 rapier (3)]
  1594 | D:4      | Acquired 758 gold pieces
  1618 | D:4      | HP: 3/60 [Eustachio/+0 rapier (3)]
  1623 | D:4      | Slain by Eustachio

Illustrated notes

Levels and vault maps discovered:
D:1:      co_arrival_square_in_a_square_in_a_square, layout_basic,
          basic_ecumenical_altar, nicolae_figureground_pulse
D:2:      layout_basic, serial_shops, shop, basic_altar, uniq_jessica
D:3:      layout_rooms, nicolae_gozag_zags_fifth_avenue, serial_shops, shop,
          dreamdust_princess_bridge, uniq_grinder, uniq_sigmund
D:4:      layout_rooms, minmay_overflow_temple_star_quad,
          minmay_temple_entry_junction, uniq_eustachio, uniq_natasha,
          uniq_blork_the_orc

Skill      XL: |  1  2  3  4  5  6  7 |
---------------+----------------------+-----
Dodging        | 1 3 |  3.7
Axes           | 3 4 |  4.6
Armour         | 4 5 |  5.4
Shields        | 4 5 |  5.4
Fighting       | 4 |  4.9

Action                   |  1- 3 |  4- 6 |  7- 9 || total
-------------------------+-------+-------+-------++-------
Melee: War axe           |    62 |    70 |   122 ||   254
Invok: Potion Petition   |       |       |     1 ||     1
  Use: Scroll            |       |     6 |     4 ||    10
       Potion            |       |     1 |     4 ||     5
Armor: Scale mail        |    37 |    38 |    51 ||   126
       Leather armour    |       |       |    28 ||    28
Dodge: Dodged            |    23 |    29 |    93 ||   145
Block: Buckler           |    23 |    19 |    44 ||    86
